 Dungeon Crawl Stone Soup version 0.29.1-1-gd02db6906a (webtiles) character file.

Game seed: 12719148188853876264

35 quakins the Shield-Bearer (level 3, 0/29 HPs)
             Began as a Formicid Fighter on Oct 17, 2022.
             Was a Believer of Lugonu.
             Slain by a gnoll
             ... wielding a +0 halberd
              (9 damage)
             ... on level 2 of the Dungeon.
             The game lasted 00:02:27 (1464 turns).

quakins the Shield-Bearer (Formicid Fighter)        Turns: 1464, Time: 00:02:28

Health: 0/29       AC:  6    Str: 22    XL:     3   Next: 55%
Magic:  3/3        EV:  9    Int:  7    God:    Lugonu [**....]
Gold:   25         SH:  5    Dex: 13    Spells: 2/2 levels left

rFire   . . .      SeeInvis +   a - +0 flail
rCold   . . .      Faith    .   c - +0 buckler
rNeg    . . .      Spirit   .   b - +0 scale mail
rPois   .          Reflect  .   (helmet unavailable)
rElec   .          Harm     .   (no cloak)
rCorr   .          Rampage  .   (no gloves)
Will    .....                   (no boots)
Stlth   ..........              (no amulet)
HPRegen 0.09/turn               (no ring)
MPRegen 0.08/turn               (no ring)

@: no status effects
A: permanent stasis, dig shafts and tunnels, antennae 3, four strong arms
a: Dig, Shaft Self, Renounce Religion, Depart the Abyss, Bend Space


You were on level 2 of the Dungeon.
You worshipped Lugonu.
Lugonu was pleased with you.
You visited 1 branch of the dungeon, and saw 2 of its levels.

You collected 25 gold pieces.

Inventory:

Hand Weapons
 a - a +0 flail (weapon)
Armour
 b - a +0 scale mail (worn)
 c - a +0 buckler (worn)
Jewellery
 h - a +6 ring of dexterity
Scrolls
 f - 3 scrolls of identify {unknown}
 g - a scroll of enchant weapon {unknown}
 j - a scroll of torment {unknown}
 k - a scroll of teleportation {unknown}
 n - a scroll of poison {unknown}
Potions
 d - a potion of might
 e - a potion of haste {unknown}
 i - a potion of flight {unknown}
 l - a potion of heal wounds {unknown}
 m - 2 potions of degeneration {unknown}


   Skills:
 - Level 3.2 Fighting
 + Level 3.7 Maces & Flails
 - Level 3.2 Armour
 - Level 4.0 Shields


You had 2 spell levels left.
You didn't know any spells.
Your spell library was empty.

Dungeon Overview and Level Annotations

Branches:
Dungeon (2/15)

Altars:
Lugonu


Innate Abilities, Weirdness & Mutations

You cannot be hasted, slowed, berserked, paralysed or teleported.
You can dig through walls and to a lower floor.
You have a pair of large antennae on your head. (SInv)
Your four strong arms can wield two-handed weapons with a shield.


Message History

The quokka bites you.
You hit the quokka.
The quokka is severely wounded.
You block the quokka's attack.
You barely miss the quokka.
The quokka is severely wounded.
The quokka bites you but does no damage.
The quokka closely misses you.
You hit the quokka.
You kill the quokka!
Lugonu accepts your kill.
Things that are here:
a +0 whip; a kobold corpse
Things that are here:
a +0 whip; a kobold corpse
Found a stone staircase leading down.
You sense a monster nearby.
A gnoll comes into view. It is wielding a +0 halberd.
The gnoll shouts!
You hear a shout!
A gnoll comes into view. It is wielding a +0 halberd.
You hear a shout!
There are monsters nearby!
There are monsters nearby!
You hear a shout!
The gnoll hits you but does no damage.
A gnoll comes into view. It is wielding a +0 flail.
The gnoll shouts!
The gnoll hits you from afar with a +0 halberd.
A gnoll comes into view. It is wielding a +0 spear.
Found a scroll labelled FYPETY DOUWAKI.
You block the gnoll's attack. The gnoll hits you with a +0 flail!
The gnoll misses you.
The gnoll hits you from afar with a +0 spear.
You hit the gnoll.
The gnoll is moderately wounded.
The gnoll hits you but does no damage.
The gnoll hits you from afar with a +0 spear.
The gnoll barely misses you. The gnoll hits you with a +0 halberd.
The gnoll hits you but does no damage.
You closely miss the gnoll. The gnoll hits you with a +0 halberd!
You die...

#)# #.##.##.####.#
#.# #.........##.#
.#. ####......##.#
#.........#
..(......####
#########.....>#
####...g.....##.###
#..?....gg### #.#
#.##.####@# #.#
#.##....g.# #.
#.#######.#
#.#######.#####.#
#.#.........$...#
##.#.#####.#######
######....## #.#
##..........# #.#
...####.....# #.#


You could see 4 gnolls.

Vanquished Creatures
  A dart slug (D:2)
  An orc (D:2)
  3 bats
  An endoplasm (D:1)
  A giant cockroach (D:1)
  4 goblins (D:1)
  4 hobgoblins
  A jackal (D:1)
  2 quokkas (D:2)
  4 ball pythons
  2 frilled lizards
  5 kobolds
  2 rats
31 creatures vanquished.

Notes
Turn   | Place    | Note
-------+----------+-------------------------------------------
     0 | D:1      | quakins the Formicid Fighter began the quest for the Orb.
     0 | D:1      | Reached XP level 1. HP: 18/18 MP: 1/1
   133 | D:1      | Found a faded altar of an unknown god.
   156 | D:1      | Prayed at the altar of an unknown god.
   156 | D:1      | Became a worshipper of Lugonu the Unformed
   156 | D:1      | Reached * piety under Lugonu
   156 | D:1      | Reached ** piety under Lugonu
   174 | D:1      | Reached XP level 2. HP: 24/24 MP: 2/2
  1070 | D:2      | Reached XP level 3. HP: 29/29 MP: 3/3
  1464 | D:2      | Slain by a gnoll

Illustrated notes

Levels and vault maps discovered:
D:1:      amcnicky_arrival_blooded_trapdoor, layout_basic,
          ebering_ecumenical_altar_webs, st_stairs_11, skrybe_limestone_x,
          kennysheep_minor_cross
D:2:      layout_loops_ring

Skill      XL: |  1  2 |
---------------+-------+-----
Maces & Flails | 3 |  3.7
Fighting       | |  3.2
Armour         | |  3.2
Shields        | |  4.0

Action                   || total
-------------------------++-------
Melee: Flail             ||    83
  Use: Potion            ||     1
Armor: Scale mail        ||    32
Dodge: Dodged            ||    43
Block: Buckler           ||    19
